 Dungeon Crawl Stone Soup version 0.22-a0-776-ge6d7efa (webtiles) character file.

7955 Amnesiac the Geomancer (level 11, -8/68 HPs)
             Began as a Demonspawn Earth Elementalist on July 18, 2018.
             Was an Elder of Okawaru.
             Mangled by a crocodile (16 damage)
             ... on level 10 of the Dungeon.
             The game lasted 00:18:46 (10932 turns).

Amnesiac the Geomancer (DsEE)                      Turns: 10932, Time: 00:18:48

Health: -8/68      AC: 16    Str:  8    XL:     11   Next: 3%
Magic:  0/23       EV: 13    Int: 19    God:    Okawaru [****..]
Gold:   623        SH:  7    Dex: 15    Spells: 11/26 levels left

rFire    . . .     SeeInvis .   a - staff of earth
rCold    + + .     Gourm    .   x - +0 buckler (curse)
rNeg     . . .     Faith    .   r - +1 robe of Gaiwozug {Regen+}
rPois    +         Spirit   +   (no helmet)
rElec    .         Reflect  +   v - +2 cloak
rCorr    .         Harm     .   E - +0 pair of gloves
MR       .....                  (no boots)
Stlth    ++........             o - +2 amulet of reflection
HPRegen  0.61/turn              n - ring of poison resistance
MPRegen  0.18/turn              H - ring of protection from cold

@: sanguine armour, very slightly contaminated
A: talons 1, cold resistance 1, magic shield, sanguine armour 2
a: Heroism, Renounce Religion


You were on level 10 of the Dungeon.
You worshipped Okawaru.
Okawaru was greatly pleased with you.
You were hungry.

You visited 1 branch of the dungeon, and saw 10 of its levels.

You collected 623 gold pieces.

Inventory:

Hand Weapons
 b - a +2 dagger of venom
Missiles
 s - 121 stones (quivered)
Armour
 r - the +1 robe of Gaiwozug (worn) {Regen+}
   (You found it on level 8 of the Dungeon)

   It increases your rate of regeneration.
 v - a +2 cloak (worn)
 x - a cursed +0 buckler (worn)
 A - a +0 large shield
 E - a +0 pair of gloves (worn)
Magical Staves
 a - an uncursed staff of earth (weapon)
Jewellery
 n - a ring of poison resistance (left hand)
 o - a +2 amulet of reflection (around neck)
 p - an uncursed ring of fire
 H - a ring of protection from cold (right hand)
 M - a cursed ring of teleportation {unknown}
Wands
 m - a wand of digging (22)
 D - a wand of random effects (28)
 G - a wand of acid (5)
 I - a wand of polymorph (9)
Scrolls
 c - 20 scrolls of identify {!r}
 e - 2 scrolls of amnesia {!r}
 f - a scroll of brand weapon {!r, unknown}
 g - a scroll of magic mapping {!r, unknown}
 l - a scroll of immolation {!r, unknown}
 t - 4 scrolls of teleportation {!r, unknown}
 u - a scroll of blinking {!r, unknown}
 y - 2 scrolls of enchant armour {!r, unknown}
 C - a scroll of fear {!r, unknown}
 F - a scroll of fog {!r}
 J - a scroll of remove curse {!r}
Potions
 h - 2 potions of magic {!q}
 i - 4 potions of curing {!q, unknown}
 j - a potion of mutation {!q, unknown}
 k - a potion of haste {!q}
 q - a potion of resistance {!q}
 w - 2 potions of flight {!q, unknown}
 z - 2 potions of degeneration {!q, unknown}
 B - a potion of brilliance {!q, unknown}
Comestibles
 d - 11 rations
 L - 6 chunks of flesh


   Skills:
 + Level 6.6 Staves
 - Level 2.4 Dodging
 - Level 2.0 Stealth
 - Level 4.4 Shields
 + Level 8.0 Spellcasting
 - Level 1.0 Transmutations
 - Level 8.0 Earth Magic
 + Level 5.1 Invocations
 + Level 7.2 Evocations


You had 11 spell levels left.
You knew the following spells:

 Your Spells              Type           Power        Failure   Level  Hunger
a - Sandblast             Erth           ######       1%          1    None
b - Passwall              Tmut/Erth      #####...     2%          2    None
c - Stone Arrow           Conj/Erth      ####..       5%          3    None
d - Lee's Rapid Deconstr  Erth           ######....   10%         5    #####..
e - Petrify               Tmut/Erth      #####...     14%         4    ###....

Your spell library contained the following spells:

 Spells                   Type           Power        Failure   Level  Hunger


Dungeon Overview and Level Annotations

Branches:
Dungeon (10/15)            Temple (0/1) D:7            Lair (0/6) D:10
    Orc: D:9-12

Altars:
Ashenzari
Gozag
Kikubaaqudgha
Okawaru
Wu Jian
The Shining One

Annotations:
D:10 Erolcha


Innate Abilities, Weirdness & Mutations

You have sharp toenails.
Your flesh is cold resistant. (rC+)
When hurt, damage is shared between your health and your magic reserves.
When seriously injured, your bleeding wounds create thick armour. (AC +9)


Message History

An orc comes into view. It is wielding a club.
The centaur hits the plant.
The crocodile bites the plant!
The centaur hits the plant.
The orc priest calls down the wrath of Beogh upon you.
You struggle to resist.
The centaur wields a shortbow.
The centaur shoots an arrow.
The arrow closely misses you.
Things that are here:
an arrow; a komodo dragon corpse
Casting: Lee's Rapid Deconstruction (slightly dangerous; 10% risk of failure)
Confirm with . or Enter, or press ? or * to list all spells.
Aiming: Lee's Rapid Deconstruction (slightly dangerous; 10% risk of failure)
Press: ? - help, Dir - move target cursor A rock wall.
You feel a surge of power!
The wall shatters!
The blast of rock fragments hits the orc priest.
The orc priest is severely wounded.
You hear a shout!
The orc priest looks satisfied for a moment.
Unknown command.
Casting: Lee's Rapid Deconstruction (slightly dangerous; 10% risk of failure)
Confirm with . or Enter, or press ? or * to list all spells.
Aiming: Lee's Rapid Deconstruction (slightly dangerous; 10% risk of failure)
Press: ? - help, Dir - move target cursor A rock wall.
You feel a surge of power!
You miscast Lee's Rapid Deconstruction.
You are very lightly contaminated with residual magic.
You momentarily stiffen.
A two-headed ogre opens the door.
The orc priest begins to cast a cantrip, but forgets the words!
The orc warrior hits the plant with a morningstar!
Unknown command.
Casting: Lee's Rapid Deconstruction (slightly dangerous; 10% risk of failure)
Confirm with . or Enter, or press ? or * to list all spells.
Aiming: Lee's Rapid Deconstruction (slightly dangerous; 10% risk of failure)
Press: ? - help, Dir - move target cursor A rock wall.
You feel a surge of power!
The wall shatters!
You feel a bit more experienced.
The blast of rock fragments hits the orc priest.
You kill the orc priest!
Okawaru accepts your kill.
The blast of rock fragments hits the two-headed ogre.
The two-headed ogre is heavily wounded.
You are feeling hungry.
The orc priest invokes the aid of Beogh against you.
Beogh smites you!
Your blood congeals into armour.
Unknown command.
Casting: Lee's Rapid Deconstruction (slightly dangerous; 10% risk of failure)
Confirm with . or Enter, or press ? or * to list all spells.
You don't have enough magic to cast that spell.
Unknown command.
The centaur wields a shortbow.
The centaur shoots an arrow.
The arrow hits you.
You see here an arrow.
The crocodile bites you but does no damage.
The centaur shoots an arrow.
The arrow hits you!
* * * LOW HITPOINT WARNING * * *
There is an open door, spattered with blood here.
You see here an arrow.
The orc priest mumbles some strange prayers to Beogh against you.
Beogh smites you!
* * * LOW HITPOINT WARNING * * *
The orc priest mumbles some strange prayers to Beogh against you.
Beogh smites you!
* * * LOW HITPOINT WARNING * * *
The crocodile bites you!
You die...

##.####### #.#
###### #.# #.# .
#.. #.# ##+ #.##
#..#
#######.########
................
#######.########
#@.# ##t# #c# #
#.# .## #O#
#..## #.#
#...$P##
####o####
P.......##
#...o...#
♣...?....##
#.......#


You could see a two-headed ogre, an orc warrior, a crocodile, a centaur and an
orc priest.

Vanquished Creatures
  Joseph (D:10)
  A gargoyle (D:10)
  A komodo dragon (D:10)
  Grinder (D:4)
  5 hippogriffs
  2 slime creatures
  A yak (D:10)
  Sigmund (D:4)
  Eustachio (D:6)
  2 wyverns (D:9)
  Edmund (D:4)
  Duvessa (D:6)
  3 porcupines (D:10)
  3 orc warriors
  3 sky beasts
  4 ogres
  4 centaurs
  A crocodile (D:10)
  Blork the orc (D:6)
  3 big kobolds (D:6)
  3 bullfrogs
  2 scorpions
  2 water moccasin zombies
  Dowan (D:6)
  4 killer bees (D:7)
  10 wights
  5 howler monkeys
  4 crimson imps
  A quasit (D:9)
  A centaur zombie (D:7)
  7 jellies
  8 orc wizards
  Crazy Yiuf (D:5)
  7 orc priests
  A gnoll shaman (D:6)
  5 hounds
  A bullfrog skeleton (D:9)
  2 iguanas
  5 worker ants
  A hound skeleton (D:6)
  8 gnolls
  11 adders
  2 shadow imps
  5 oozes
  4 worms
  2 dart slugs
  8 leopard geckos
  44 orcs
  2 giant cockroaches (D:1)
  4 goblins
  3 hobgoblins
  7 jackals
  15 kobolds
  3 quokkas
  3 bats
  4 frilled lizards
  2 quokka skeletons
  A quokka zombie (D:8)
  4 rats
243 creatures vanquished.

Vanquished Creatures (others)
  An orc wizard (D:9)
  2 bushes (D:10)
  4 fungi (D:6)
  10 plants (D:10)
  6 toadstools (D:6)
23 creatures vanquished.

Grand Total: 266 creatures vanquished

Notes
Turn   | Place    | Note
-------+----------+-------------------------------------------
     0 | D:1      | Amnesiac the Demonspawn Earth Elementalist began the quest for the Orb.
     0 | D:1      | Reached XP level 1. HP: 13/13 MP: 3/3
   294 | D:2      | Found a shattered altar of Ashenzari.
   331 | D:2      | Gained mutation: When seriously injured, your bleeding wounds create armour. (AC +9) [demonic ancestry]
   331 | D:2      | Reached XP level 2. HP: 7/19 MP: 0/5
   335 | D:2      | Learned a level 2 spell: Passwall
   761 | D:2      | Found an ancient bone altar of Kikubaaqudgha.
   834 | D:3      | Reached skill level 1 in Transmutations
   873 | D:3      | Gained mutation: Your flesh is cold resistant. (rC+) [demonic ancestry]
   873 | D:3      | Reached XP level 3. HP: 22/24 MP: 6/6
   889 | D:3      | Found an ornate altar of the Wu Jian Council.
  1446 | D:3      | Reached XP level 4. HP: 25/30 MP: 7/7
  1699 | D:4      | Noticed Grinder
  1989 | D:4      | Reached XP level 5. HP: 21/35 MP: 4/9
  1992 | D:4      | Noticed Sigmund
  2017 | D:5      | Entered Level 5 of the Dungeon
  2084 | D:5      | HP: 1/35 [orc priest/divine providence (14)]
  2311 | D:5      | Noticed a centaur
  2322 | D:5      | Killed a centaur
  2322 | D:5      | Reached skill level 5 in Earth Magic
  2322 | D:5      | Gained mutation: You have sharp toenails. [demonic ancestry]
  2322 | D:5      | Reached XP level 6. HP: 24/41 MP: 6/11
  2527 | D:8      | Learned a level 4 spell: Petrify
  2531 | D:8      | Learned a level 3 spell: Stone Arrow
  2536 | D:8      | Noticed an orc warrior
  2545 | D:8      | Noticed a hippogriff
  2554 | D:8      | Got a wizard robe
  2600 | D:7      | Identified the +1 robe of Gaiwozug {Regen+} (You found it on level 8 of the Dungeon)
  2880 | D:7      | Reached XP level 7. HP: 31/46 MP: 2/13
  3210 | D:6      | Noticed Blork the orc
  3226 | D:6      | Killed Blork the orc
  3341 | D:6      | Reached skill level 1 in Evocations
  3427 | D:6      | Got a dazzling great sword
  3428 | D:6      | Identified the +2 great sword of Disaster {flame, -Tele +Rage SInv Stlth+} (You found it on level 6 of the Dungeon)
  3454 | D:6      | Reached skill level 1 in Staves
  3649 | D:6      | Noticed Dowan
  3653 | D:6      | Noticed Duvessa
  3662 | D:6      | Killed Dowan
  3682 | D:6      | Killed Duvessa
  3682 | D:6      | Reached XP level 8. HP: 18/52 MP: 6/15
  3910 | D:5      | Found a runed door.
  3910 | D:5      | Noticed Crazy Yiuf
  3913 | D:5      | Killed Crazy Yiuf
  3976 | D:5      | Reached skill level 5 in Spellcasting
  4018 | D:5      | Found an opulent altar of Gozag.
  4039 | D:5      | Noticed Edmund
  4096 | D:4      | Killed Edmund
  4231 | D:5      | Learned a level 1 spell: Sandblast
  4238 | D:4      | Killed Sigmund
  5269 | D:2      | Became a worshipper of Ashenzari the Shackled
  5338 | D:2      | Found a glowing golden altar of the Shining One.
  5816 | D:2      | Found an iron altar of Okawaru.
  5823 | D:2      | Fell from the grace of Ashenzari
  5823 | D:2      | Became a worshipper of Warmaster Okawaru
  6239 | D:4      | Paralysed by Grinder for 5 turns
  6298 | D:4      | Paralysed by Grinder for 3 turns
  6306 | D:4      | Paralysed by Grinder for 3 turns
  6311 | D:4      | Killed Grinder
  6311 | D:4      | Reached skill level 1 in Shields
  6581 | D:5      | Reached XP level 9. HP: 54/57 MP: 1/17
  7224 | D:6      | Noticed Eustachio
  7258 | D:6      | Reached * piety under Okawaru
  7467 | D:6      | Killed Eustachio
  8063 | D:6      | Learned a level 5 spell: Lee's Rapid Deconstruction
  8180 | D:6      | Reached ** piety under Okawaru
  8180 | D:6      | Reached skill level 5 in Evocations
  8447 | D:7      | Found a staircase to the Ecumenical Temple.
  8692 | D:7      | Was forgiven by Ashenzari
  8851 | D:8      | Reached skill level 5 in Staves
  8876 | D:8      | Gained mutation: When seriously injured, your bleeding wounds create thick armour. (AC +9) [demonic ancestry]
  8876 | D:8      | Reached XP level 10. HP: 63/63 MP: 14/20
  9465 | D:8      | Reached *** piety under Okawaru
  9554 | D:8      | Reached skill level 1 in Invocations
 10251 | D:9      | Reached **** piety under Okawaru
 10298 | D:10     | Entered Level 10 of the Dungeon
 10492 | D:10     | Found a staircase to the Lair.
 10492 | D:10     | Noticed a gargoyle
 10500 | D:10     | Killed a gargoyle
 10515 | D:10     | Noticed Erolcha
 10664 | D:10     | Noticed Joseph
 10693 | D:10     | Killed Joseph
 10693 | D:10     | Received a gift from Okawaru
 10809 | D:10     | Reached skill level 5 in Invocations
 10809 | D:10     | Gained mutation: When hurt, damage is shared between your health and your magic reserves. [demonic ancestry]
 10809 | D:10     | Reached XP level 11. HP: 6/68 MP: 23/23
 10906 | D:10     | Noticed a two-headed ogre
 10932 | D:10     | Mangled by a crocodile

Vault maps used:
D:1:      nicolae_arrival_somewhat_less_tricky_arrival
D:2:      nicolae_ashenzari_panopticon, overflow_temple_1_default,
          nicolae_overflow_hidden_temple, okawaru_altar_gauntlet_db,
          minmay_misc_feat_cross
D:3:      lemuel_doored_altar, roderic_roman_lattice
D:4:      first_ration, uniq_grinder, uniq_sigmund
D:5:      grunt_gozag_statues, kennysheep_generic_room_7,
          uniq_crazy_yiuf_cottage, uniq_edmund
D:6:      cheibrodos_fertilizer, wad_floor_pattern_untrapped,
          kennysheep_generic_room_11, uniq_blork_the_orc, uniq_eustachio,
          uniq_duvessa
D:7:      minmay_temple_entry_overgrown
D:8:      hangedman_abyss_or_decor_stabs
D:10:     minmay_lair_entry_grove, uniq_erolcha, uniq_joseph, uniq_erica

Skill      XL: |  1  2  3  4  5  6  7  8  9 10 |
---------------+-------------------------------+-----
Stealth        | 2 |  2.0
Earth Magic    | 3 4 5 6 8 |  8.0
Dodging        | 2 |  2.4
Transmutations | 1 |  1.0
Spellcasting   | 3 4 5 6 8 |  8.0
Evocations     | 2 3 5 7 |  7.2
Staves         | 1 3 5 6 |  6.6
Shields        | 1 3 4 |  4.4
Invocations    | 5 |  5.1

Action                   |  1- 3 |  4- 6 |  7- 9 | 10-12 || total
-------------------------+-------+-------+-------+-------++-------
Melee: Staff             |       |     9 |   311 |   247 ||   567
       Kick              |       |     3 |   106 |    57 ||   166
       Dagger            |       |       |   100 |       ||   100
 Fire: Hunting sling     |   111 |    28 |       |       ||   139
 Cast: Sandblast         |    15 |    42 |    54 |    85 ||   196
       Stone Arrow       |       |    15 |    69 |       ||    84
       Passwall          |       |     1 |     6 |       ||     7
       Petrify           |       |       |     2 |     4 ||     6
       Lee's Rapid Decon |       |       |     1 |     9 ||    10
  Use: Potion            |       |     4 |     2 |       ||     6
       Scroll            |       |     4 |       |       ||     4
 Stab: Petrified         |       |       |     9 |    18 ||    27
       Sleeping          |       |       |     6 |     3 ||     9
       Petrifying        |       |       |       |     1 ||     1
  Eat: Chunk             |     2 |     5 |    20 |     8 ||    35
       Ration            |       |       |     3 |       ||     3
Armor: Robe              |    11 |    20 |   156 |    68 ||   255
Dodge: Dodged            |    53 |    77 |   332 |   100 ||   562
Block: Large shield      |       |       |    33 |    32 ||    65
       Reflection        |       |       |     9 |     1 ||    10
       Other             |       |       |    22 |     1 ||    23
       Buckler           |       |       |       |    57 ||    57

Table legend:
 A = Spawn XP
 B = Non-spawn XP
 C = Spawn XP percentage of total XP
 D = Spawn monster count
 E = Non-spawn monster count
 F = Spawn count percentage of total count
 G = Total turns spent on level
                    A         B        C        D         E        F      G
               +---------+---------+-------+---------+---------+-------+---------
         Total |       0 |   11365 |   0.0 |       0 |     244 |   0.0 | 10932
               +---------+---------+-------+---------+---------+-------+---------
           D:1 |       0 |      21 |   0.0 |       0 |      12 |   0.0 |   845
           D:2 |       0 |      66 |   0.0 |       0 |      23 |   0.0 |  1284
           D:3 |       0 |      88 |   0.0 |       0 |      23 |   0.0 |  1212
           D:4 |       0 |     986 |   0.0 |       0 |      22 |   0.0 |  1175
           D:5 |       0 |    1065 |   0.0 |       0 |      26 |   0.0 |  1283
           D:6 |       0 |    1895 |   0.0 |       0 |      37 |   0.0 |  1756
           D:7 |       0 |    1156 |   0.0 |       0 |      28 |   0.0 |  1275
           D:8 |       0 |    1738 |   0.0 |       0 |      27 |   0.0 |   870
           D:9 |       0 |    1745 |   0.0 |       0 |      31 |   0.0 |   689
          D:10 |       0 |    2605 |   0.0 |       0 |      15 |   0.0 |   543
               +---------+---------+-------+---------+---------+-------+---------
